 Dungeon Crawl Stone Soup version 0.30.1-11-g7821555f0a (webtiles) character file.

Game seed: 14357316056975804219

112 bearlyready the Magician (level 4, -13/32 HPs)
             Began as a Mummy Enchanter on Nov 9, 2023.
             Killed from afar by an orc wizard (15 damage)
             ... with a puff of flame
             ... on level 4 of the Dungeon.
             The game lasted 00:04:46 (1939 turns).

bearlyready the Magician (Mummy Enchanter)          Turns: 1939, Time: 00:04:47

Health: -13/32     AC:  2    Str: 11    XL:     4   Next: 63%
Magic:  6/10       EV: 12    Int: 16    God:
Gold:   94         SH:  0    Dex: 12    Spells: 5/11 levels left

rFire   x . .        a - +1 dagger
rCold   + . .        (no shield)
rNeg    + + +        b - +0 robe
rPois   ∞            (no helmet)
rElec   .            (no cloak)
rCorr   .            (no gloves)
SInv    .            (no boots)
Will    .....        (no amulet)
Stlth   ++           (no ring)
HPRegen 0.25/turn    (no ring)
MPRegen 0.12/turn

%: faith
@: no status effects
A: cold resistance 1, negative energy resistance 3, torment resistance 2, heat
vulnerability 1, in touch with death 1, no potions, faith
a: no special abilities


You were on level 4 of the Dungeon.
You visited 1 branch of the dungeon, and saw 4 of its levels.

You collected 94 gold pieces.

Inventory:

Hand Weapons
 a - a +1 dagger (weapon)
 f - a +0 spear
 m - a +0 rapier
Armour
 b - a +0 robe (worn)
Scrolls
 c - a scroll of fog {unknown}
 d - a scroll of brand weapon {unknown}
 e - a scroll of silence {unknown}
 g - a scroll of magic mapping {unknown}
 h - a scroll of amnesia
 i - a scroll of noise {unknown}
 j - 2 scrolls of identify {unknown}
 k - a scroll of blinking {unknown}
 l - a scroll of teleportation {unknown}


   Skills:
 - Level 1.0 Fighting
 - Level 1.0 Short Blades
 - Level 1.5 Dodging
 + Level 2.6 Stealth
 + Level 4.0 Spellcasting
 + Level 3.2 Hexes
 - Level 1.1 Summonings
 - Level 1.0 Ice Magic


You had 5 spell levels left.
You knew the following spells:

 Your Spells              Type           Power      Damage    Failure   Level
a - Ensorcelled Hibernat  Hex/Ice        20%        N/A       11%         2
b - Summon Small Mammal   Summ           24%        N/A       11%         1
c - Confusing Touch       Hex            13%        N/A       13%         3

Your spell library contained the following spells:

 Spells                   Type           Power      Damage    Failure   Level
 Tukima's Dance           Hex            13%        N/A       13%         3
 Summon Guardian Golem    Hex/Summ       10%        N/A       21%         3
 Dazzling Flash           Conj/Hex       16%        N/A       26%         3
 Call Canine Familiar     Summ           6%         N/A       30%         3


Dungeon Overview and Level Annotations

Branches:
Dungeon (4/15)
 Temple: D:4-7

Altars:

Shops:
D:2 !

Annotations:
D:3 1 transporter, Psyclone's ghost, amateur DECj
D:4 1 runed translucent door, foxicus's ghost, amateur HOFi


Innate Abilities, Weirdness & Mutations

You are immune to poison.
Your flesh is cold resistant. (rC+)
You are immune to negative energy. (rN+++)
You are immune to unholy pain and torment.
You are vulnerable to heat. (rF-)
You are in touch with the powers of death.
You do not drink.
You have a special connection with the divine. (Faith)


Message History

Unknown command.
You're too confused to move!
The orc wizard casts a spell at you. The puff of flame hits you!
The fire burns you terribly!
The orc wizard hits you but does no damage.
The orc wizard barely misses you.
You feel less confused.
The orc wizard hits you with a +0 dagger.
Casting: Ensorcelled Hibernation (safe; 11% risk of failure)
Confirm with . or Enter, or press ? or * to list all spells.
The orc wizard misses you.
Casting: Summon Small Mammal (safe; 11% risk of failure)
Confirm with . or Enter, or press ? or * to list all spells.
Aiming: Ensorcelled Hibernation (safe; 11% risk of failure)
Press: ? - help, Shift-Dir - straight line, f/p - orc wizard
Aim: an orc wizard, wielding a +0 dagger and wearing a +0 robe (ally target, chance to affect: 44%)
The orc wizard looks drowsy...
The helpless orc wizard fails to defend itself.
You puncture the orc wizard!
The orc wizard is severely wounded.
The orc wizard hits you with a +0 dagger.
You barely miss the orc wizard.
The orc wizard is severely wounded.
Your rat bites the orc wizard.
The orc wizard mumbles some strange words.
The orc wizard flickers and vanishes!
Deactivating autopickup; reactivate with Ctrl-A.
You closely miss something. Something hits you but does no damage.
You miss something.
You hear some strange, mumbled words.
A puff of flame appears from out of thin air!
The puff of flame hits you! The fire burns you terribly!
* * * LOW HITPOINT WARNING * * *
You miss something. Something hits you.
* * * LOW HITPOINT WARNING * * *
You hit something. Something hits you but does no damage.
You hear some strange, mumbled words.
A puff of flame appears from out of thin air!
The puff of flame hits you! The fire burns you terribly!
You die...

#......#####..### #.#
#.............# #.#
#....###.#+#..# #.# ... #....#
###S##.# #.# #.# # #....#
##S##.###.# ... #.###..#
#F#......# # #.# #.###..#
#W##.##### # #.# #......## #:##.#
# #.#### ###.@...## #~##.#####
#.##.## ##..r{...#####.......
####.#...####.........#.##....<.#
............'.........+.......#.#
####.#...####.........#.#...>.#.#
#.##.## ##.......##.........#
#.#### ##.....#####.....### #..
##...## #.....### ### ##'##
###...[..


You could see a friendly rat (summoned).

Vanquished Creatures
  An orc priest (D:4)
  4 adders
  A worm (D:2)
  2 orcs (D:4)
  2 ball pythons
  3 bats
  3 endoplasms
  A giant cockroach (D:3)
  8 hobgoblins
  2 jackals (D:3)
  2 quokkas
  4 frilled lizards (D:1)
  2 goblins (D:1)
  3 kobolds
  2 rats
40 creatures vanquished.

Notes
Turn   | Place    | Note
-------+----------+-------------------------------------------
     0 | D:1      | bearlyready the Mummy Enchanter began the quest for the
                  | Orb.
     0 | D:1      | Reached XP level 1. HP: 13/13 MP: 4/4
    60 | D:1      | Reached skill level 1 in Short Blades
    72 | D:1      | Reached skill level 3 in Spellcasting
   183 | D:1      | Reached XP level 2. HP: 19/20 MP: 6/6
   190 | D:1      | Learned a level 2 spell: Ensorcelled Hibernation
   422 | D:1      | Reached skill level 1 in Fighting
   571 | D:2      | Gained mutation: You are in touch with the powers of death.
                  | [Mummy growth]
   571 | D:2      | Reached XP level 3. HP: 26/26 MP: 4/7
   607 | D:2      | Learned a level 1 spell: Summon Small Mammal
   607 | D:2      | Found Penofrun's Distillery.
  1238 | D:3      | Found a transporter.
  1243 | D:3      | Reached skill level 1 in Ice Magic
  1319 | D:3      | Reached XP level 4. HP: 32/32 MP: 4/9
  1458 | D:3      | Noticed Psyclone's ghost (amateur DECj)
  1535 | D:3      | You fall into a shaft and drop 1 floor!
  1645 | D:4      | Reached skill level 4 in Spellcasting
  1645 | D:4      | Reached skill level 1 in Summonings
  1651 | D:4      | Learned a level 3 spell: Confusing Touch
  1846 | D:4      | Found a runed translucent door.
  1849 | D:4      | Noticed a bullfrog
  1852 | D:4      | Noticed foxicus's ghost (amateur HOFi)
  1937 | D:4      | HP: 1/32 [something (1)]
  1939 | D:4      | Killed from afar by an orc wizard

Illustrated notes

Levels and vault maps discovered:
D:1:      psy_arrival_statuary, layout_rooms
D:2:      layout_basic, serial_shops, shop
D:3:      layout_rooms, gammafunk_ghost_stat_death, kennysheep_nub, st_stairs_3,
          minmay_randomly_rotated_circles
D:4:      layout_loops_corners, nicolae_dithmenos_the_darkroom,
          ebering_ghost_sewer_d, minmay_goblin_outpost

Skill      XL: |  1  2  3  4 |
---------------+-------------+-----
Short Blades   | 1 |  1.0
Spellcasting   | 3 4 |  4.0
Fighting       | 1 |  1.0
Hexes          | 3 |  3.2
Ice Magic      | 1 |  1.0
Summonings     | 1 |  1.1
Dodging        | |  1.5
Stealth        | |  2.6

Action                     |  1- 3 |  4- 6 || total
---------------------------+-------+-------++-------
  Melee: Dagger            |   120 |    24 ||   144
         Punch             |     1 |       ||     1
   Cast: Ensorcelled Hiber |    13 |     8 ||    21
         Summon Small Mamm |       |     1 ||     1
    Use: Scroll            |       |     1 ||     1
   Stab: Sleeping          |    10 |     8 ||    18
 Armour: Robe              |    20 |     5 ||    25
  Dodge: Dodged            |    79 |    11 ||    90
